 Dungeon Crawl Stone Soup version 0.28.0-53-g5a82cb258f (webtiles) character file.

Game seed: 1628332754649164130

123 DildoBatman the Conjurer (level 5, -2/38 HPs)
             Began as a Formicid Conjurer on Aug 10, 2022.
             Slain by an ogre
             ... wielding a +0 giant club
              (31 damage)
             ... on level 4 of the Dungeon.
             The game lasted 00:04:43 (2283 turns).

DildoBatman the Conjurer (Formicid Conjurer)        Turns: 2283, Time: 00:04:43

Health: -2/38      AC:  2    Str: 11    XL:     5   Next: 29%
Magic:  2/9        EV: 12    Int: 18    God:
Gold:   45         SH:  0    Dex: 11    Spells: 7/10 levels left

rFire   . . .      SeeInvis +   a - +0 rapier
rCold   . . .      Faith    .   (no shield)
rNeg    . . .      Spirit   .   i - +0 robe
rPois   .          Reflect  .   (helmet unavailable)
rElec   .          Harm     .   (no cloak)
rCorr   .          Rampage  .   (no gloves)
Will    .....                   (no boots)
Stlth   ++........              (no amulet)
HPRegen 0.12/turn               (no ring)
MPRegen 0.11/turn               (no ring)

@: lethally poisoned (-2 -> -4), very slightly contaminated
A: permanent stasis, dig shafts and tunnels, antennae 3, four strong arms
a: Dig, Shaft Self


You were on level 4 of the Dungeon.
You visited 1 branch of the dungeon, and saw 4 of its levels.

You collected 99 gold pieces.
You spent 54 gold pieces at shops.

Inventory:

Hand Weapons
 a - a +0 rapier (weapon)
 f - a +0 short sword
Missiles
 d - 4 javelins
 g - 71 stones
 h - 15 arrows
 m - 3 poisoned darts
 q - 23 bolts
Armour
 i - a +0 robe (worn)
Scrolls
 c - 2 scrolls of enchant armour {unknown}
 e - 2 scrolls of noise {unknown}
 k - 4 scrolls of teleportation {unknown}
 p - a scroll of holy word {unknown}
Potions
 b - a potion of flight {unknown}
 j - a potion of might {unknown}
 l - 3 potions of curing {unknown}
 n - 2 potions of haste {unknown}
 o - a potion of brilliance {unknown}


   Skills:
 * Level 2.2 Fighting
 * Level 2.2 Armour
 - Level 2.0 Dodging
 - Level 2.4 Stealth
 * Level 3.1 Spellcasting
 * Level 4.1 Conjurations


You had 7 spell levels left.
You knew the following spells:

 Your Spells              Type           Power      Damage    Failure   Level
a - Searing Ray           Conj           34%        2d5       4%          2
c - Magic Dart            Conj           68%        1d6       3%          1

Your spell library contained the following spells:

 Spells                   Type           Power      Damage    Failure   Level
 Summon Small Mammal      Summ           8%         N/A       16%         1
 Dazzling Flash           Conj/Hex       20%        N/A       21%         3
 Call Canine Familiar     Summ           2%         N/A       43%         3
 Summon Guardian Golem    Hex/Summ       2%         N/A       43%         3
 Fulminant Prism          Conj/Hex       5%         3d7       56%         4
 Iskenderun's Mystic Bla  Conj/Tloc      10%        2d4       56%         4


Dungeon Overview and Level Annotations

Branches:
Dungeon (4/15)
 Temple: D:4-7

Altars:

Shops:
D:2 *[[


Innate Abilities, Weirdness & Mutations

You cannot be hasted, slowed, berserked, paralysed or teleported.
You can dig through walls and to a lower floor.
You have a pair of large antennae on your head. (SInv)
Your four strong arms can wield two-handed weapons with a shield.


Message History

You see here a scroll labelled ZYZOTHEENTU.
Casting: Searing Ray (safe; 4% risk of failure)
Confirm with . or Enter, or press ? or * to list all spells.
Aiming: Searing Ray (safe; 4% risk of failure)
Press: ? - help, Shift-Dir - straight line, f - ogre
Aim: an ogre, wielding a +0 giant club (89% to hit)
You miscast Searing Ray.
You are very lightly contaminated with residual magic.
Nothing appears to happen.
The adder barely misses you.
Casting: Searing Ray (safe; 4% risk of failure)
Confirm with . or Enter, or press ? or * to list all spells.
Aiming: Searing Ray (safe; 4% risk of failure)
Press: ? - help, Shift-Dir - straight line, f/p - ogre
Aim: an ogre, wielding a +0 giant club (89% to hit)
The searing ray misses the adder.
The searing ray hits the ogre!
The ogre is moderately wounded. (Press . to maintain the ray.)
The adder bites you.
You are poisoned.
The adder poisons you!
The searing ray hits the adder.
The adder is severely wounded.
The searing ray hits the ogre.
The ogre is heavily wounded.
You feel sick. The adder bites you.
The searing ray hits the adder.
You kill the adder!
The searing ray hits the ogre!
The ogre is severely wounded.
You feel sick.
The searing ray hits the ogre.
The ogre is almost dead.
You finish channelling your searing ray.
You feel sick.
The ogre hits you with a +0 giant club!!
Ouch! That really hurt!
You die...

... ... ....
.....
.....#######+##
......#........
......O<.†.....
......#@.......
..... ######...
.... . ... .. .


You could see an ogre.

Vanquished Creatures
  A jelly (D:3)
  A hound (D:4)
  3 adders
  A worm (D:2)
  2 ball pythons
  5 endoplasms
  2 goblins (D:3)
  5 hobgoblins
  2 jackals (D:1)
  3 quokkas
  5 bats
  3 kobolds
  A rat (D:2)
34 creatures vanquished.

Notes
Turn   | Place    | Note
-------+----------+-------------------------------------------
     0 | D:1      | DildoBatman the Formicid Conjurer began the quest for the
                  | Orb.
     0 | D:1      | Reached XP level 1. HP: 13/13 MP: 3/3
   442 | D:1      | Found a faded altar of an unknown god.
   466 | D:1      | Reached XP level 2. HP: 20/20 MP: 0/5
   469 | D:1      | Learned a level 2 spell: Searing Ray
   801 | D:2      | Found Hamuguan's Weapon Shop.
   866 | D:2      | Found Jogoushy's Armour Boutique.
   916 | D:2      | Found Togeik's Antique Armour Boutique.
   924 | D:2      | Reached skill level 1 in Fighting
   924 | D:2      | Reached skill level 1 in Armour
   924 | D:2      | Reached XP level 3. HP: 26/26 MP: 0/6
  1124 | D:2      | Found Bef Couwn's Assorted Antiques.
  1128 | D:2      | Bought a black potion for 27 gold pieces
  1128 | D:2      | Bought a puce potion for 27 gold pieces
  1722 | D:3      | Reached skill level 4 in Conjurations
  1722 | D:3      | Reached XP level 4. HP: 33/33 MP: 2/8
  2126 | D:4      | Reached XP level 5. HP: 38/38 MP: 3/9
  2277 | D:4      | Noticed an ogre
  2283 | D:4      | Slain by an ogre

Illustrated notes

Levels and vault maps discovered:
D:1:      dpeg_arrival_windows_large_door, layout_loops_ring,
          nicolae_ecumenical_lake_church, due_unseen_surprise
D:2:      layout_basic, serial_shops, shop, shop, shop, shop_statue,
          minmay_misc_feat_encased
D:3:      layout_loops_ring
D:4:      layout_gridville, uniq_blork_the_orc, uniq_robin, uniq_edmund

Skill      XL: |  1  2  3  4 |
---------------+-------------+-----
Dodging        | 2 |  2.0
Fighting       | 1 2 |  2.2
Armour         | 1 2 |  2.2
Conjurations   | 4 |  4.1
Spellcasting   | 3 |  3.1
Stealth        | |  2.4

Action                   |  1- 3 |  4- 6 || total
-------------------------+-------+-------++-------
Melee: Short sword       |     5 |       ||     5
       Rapier            |    23 |    16 ||    39
 Cast: Magic Dart        |    36 |     3 ||    39
       Searing Ray       |     5 |     4 ||     9
 Abil: Dig               |     2 |       ||     2
 Stab: Sleeping          |       |     1 ||     1
Armor: Robe              |     2 |     2 ||     4
Dodge: Dodged            |    28 |     7 ||    35
